 Dungeon Crawl Stone Soup version 0.28.0-43-g3370ac3207 (webtiles) character file.

Game seed: 5208878555977671742

788 smarlow the Covered (level 7, 0/63 HPs)
             Began as a Minotaur Fighter on Feb 28, 2022.
             Slain by an ogre
             ... wielding a +0 giant spiked club
              (30 damage)
             ... on level 4 of the Dungeon.
             The game lasted 00:07:37 (3791 turns).

smarlow the Covered (Minotaur Fighter)              Turns: 3791, Time: 00:07:38

Health: 0/63       AC: 11    Str: 27    XL:     7   Next: 56%
Magic:  15/15      EV:  8    Int:  5    God:
Gold:   59         SH:  5    Dex: 10    Spells: 6/6 levels left

rFire   . . .      SeeInvis .   a - +1 war axe
rCold   + . .      Faith    .   c - +0 buckler
rNeg    + . .      Spirit   .   u - +0 chain mail "Noubb" {*Corrode rN+ MP+9 Str+3}
rPois   .          Reflect  .   (helmet restricted)
rElec   .          Harm     .   (no cloak)
rCorr   .          Rampage  .   (no gloves)
Will    .....                   f - +0 pair of boots
Stlth   ..........              (no amulet)
HPRegen 0.20/turn               (no ring)
MPRegen 0.14/turn               (no ring)

@: no status effects
A: horns 2, retaliatory headbutt, cold resistance 1, strong 1
a: no special abilities


You were on level 4 of the Dungeon.
You visited 1 branch of the dungeon, and saw 5 of its levels.
You also visited: Sewer.

You collected 228 gold pieces.
You spent 169 gold pieces at shops.

Inventory:

Hand Weapons
 a - a +1 war axe (weapon)
Missiles
 e - a throwing net (quivered)
Armour
 b - a +0 scale mail
 c - a +0 buckler (worn)
 f - a +0 pair of boots (worn)
 u - the +0 chain mail "Noubb" (worn) {*Corrode rN+ MP+9 Str+3}
   (You found it on level 4 of the Dungeon)

   Str:       It affects your strength (+3).
   rN:        It protects you from negative energy.
   MP:        It affects your magic capacity (+9).
   *Corrode:  It may corrode you when you take damage.
Scrolls
 h - a scroll of immolation
 k - 4 scrolls of teleportation
 l - 2 scrolls of identify
 m - 2 scrolls of fog {unknown}
 n - a scroll of summoning {unknown}
 o - 3 scrolls of holy word {unknown}
 p - a scroll of vulnerability {unknown}
 s - a scroll of amnesia {unknown}
Potions
 d - 3 potions of might
 g - a potion of curing
 i - a potion of attraction {unknown}
 j - 4 potions of flight
 q - 2 potions of lignification {unknown}
 r - 2 potions of heal wounds
 t - a potion of degeneration {unknown}


   Skills:
 + Level 6.2 Fighting
 + Level 5.6 Axes
 + Level 6.2 Armour
 + Level 6.2 Shields


You had 6 spell levels left.
You didn't know any spells.
Your spell library was empty.

Dungeon Overview and Level Annotations

Branches:
Dungeon (5/15)              Sewer (visited)
 Temple: D:4-7

Altars:
Cheibriados
Sif Muna

Shops:
D:4 !

Annotations:
D:3 1 runed translucent door, Jenx's ghost, amateur HOFi


Innate Abilities, Weirdness & Mutations

You have a pair of horns on your head.
You reflexively headbutt those who attack you in melee.
Your flesh is cold resistant. (rC+)
Your muscles are strong. (Str +2)


Message History

Magic restored.
There is an open door here.
There is an entrance to Vofromiff's Distillery here.
r - 2 potions of heal wounds (gained 1);
v - a potion of mutation Thank you for shopping at Vofromiff's Distillery!
Really quaff the potion of mutation? [Y]es or [N]o only, please.
Really quaff the potion of mutation?
You feel extremely strange.
You feel resistant to cold.
You feel stronger.
Done exploring.
Done exploring.
There is a stone staircase leading down here.
You climb downwards.
The gnoll shouts! x3; The ogre shouts!
You hear a shout!
Found four items.
Found two stone staircases leading up.
There is a stone staircase leading up here.
A gnoll comes into view. It is wielding a +0 halberd.
The gnoll hits you but does no damage.
You slash the gnoll!
You kill the gnoll!
The ogre hits you with a +0 giant spiked club!
An orc comes into view. It is wielding a +4 hand axe.
The gnoll barely misses you.
You barely miss the ogre. You slash the hound zombie!
The hound zombie bites you. You block the gnoll's attack.
The ogre hits you with a +0 giant spiked club!!
The hound zombie barely misses you.
You are too injured to fight recklessly!
You are too injured to fight recklessly!
The ogre hits you but does no damage.
There is a stone staircase leading up, spattered with blood here.
You block the gnoll's attack.
You climb upwards.
There is a stone staircase leading down here.
You hit the ogre but do no damage. The ogre misses you.
You hit the ogre. You headbutt the ogre.
The ogre is lightly wounded.
The ogre hits you with a +0 giant spiked club!!
You die...

.........#....#..##....##'###....
##########....#..##.....#...#....
##..##..#.....#..##.....#...#....
........#.....+..#......#..###+##
........#.....#..'......'..#.....
#########.....##'###'#######.....
..................#...#..........
..................#...#..........
...............O@.+...#..........
..................###'#..........
##.....######...........)...#####
.#.....#....#...............#....
.'.....#....#...............#....
.#.....#....#...............#....
.#.....#....#...............#....
.#.....#....#......##'#.....#....
.#.....#....#......#..#.....#....


You could see an ogre.

Vanquished Creatures
  A black bear (D:4)
  A necrophage (D:3)
  2 ogres (D:4)
  A scorpion (D:4)
  A water moccasin skeleton (D:4)
  A bullfrog skeleton (D:4)
  A hound (D:4)
  A jelly (D:4)
  Jessica (D:3)
  A merfolk siren (Sewer)
  A merfolk avatar (Sewer)
  A gnoll (D:5)
  5 adders
  2 river rats (Sewer)
  3 worms
  3 dart slugs
  An orc (D:4)
  11 ball pythons
  12 endoplasms
  5 giant cockroaches
  3 goblins
  6 hobgoblins
  7 jackals (D:2)
  4 kobolds
  6 quokkas
  5 bats
  7 frilled lizards
  25 rats
118 creatures vanquished.

Notes
Turn   | Place    | Note
-------+----------+-------------------------------------------
     0 | D:1      | smarlow the Minotaur Fighter began the quest for the Orb.
     0 | D:1      | Reached XP level 1. HP: 19/19 MP: 0/0
   222 | D:1      | Reached XP level 2. HP: 27/27 MP: 1/1
   557 | D:2      | Reached XP level 3. HP: 22/33 MP: 2/2
  1110 | D:3      | Found a glowing drain.
  1123 | Sewer    | Entered a sewer
  1130 | Sewer    | Reached XP level 4. HP: 31/41 MP: 3/3
  1438 | Sewer    | Reached XP level 5. HP: 47/47 MP: 4/4
  1932 | D:3      | Found a shimmering blue altar of Sif Muna.
  2022 | D:3      | Found a faded altar of an unknown god.
  2078 | D:3      | Noticed a necrophage
  2086 | D:3      | Killed a necrophage
  2087 | D:3      | Reached skill level 5 in Fighting
  2087 | D:3      | Reached skill level 5 in Armour
  2087 | D:3      | Reached skill level 5 in Shields
  2087 | D:3      | Reached XP level 6. HP: 56/56 MP: 5/5
  2092 | D:3      | Found a snail-covered altar of Cheibriados.
  2391 | D:3      | Noticed Jessica
  2396 | D:3      | Killed Jessica
  2427 | D:3      | Found a runed translucent door.
  2433 | D:3      | Noticed Jenx's ghost (amateur HOFi)
  2910 | D:4      | Reached skill level 5 in Axes
  3149 | D:4      | Reached XP level 7. HP: 62/62 MP: 6/6
  3649 | D:4      | Found Vofromiff's Distillery.
  3658 | D:4      | Identified the +0 chain mail "Noubb" {*Corrode rN+ MP+9
                  | Str+3}
  3750 | D:4      | Bought a potion of heal wounds for 65 gold pieces
  3750 | D:4      | Bought a potion of mutation for 104 gold pieces
  3750 | D:4      | Gained mutation: Your flesh is cold resistant. (rC+)
                  | [potion of mutation]
  3750 | D:4      | Gained mutation: Your muscles are strong. (Str +2) [potion
                  | of mutation]
  3782 | D:5      | Entered Level 5 of the Dungeon
  3791 | D:4      | Slain by an ogre

Illustrated notes

Levels and vault maps discovered:
D:1:      dpeg_arrival_arbitrary_b, layout_basic
D:2:      layout_rooms
D:3:      layout_loops_ring, nicolae_overflow_crystal_walls,
          mainiacjoe_overflow_alcove_4, chequers_ecumenical_altar_twisty,
          ebering_ghost_reflecting_pool, cheibrodos_sewer_entry_bend,
          patterned_corridor, uniq_jessica
D:4:      layout_gridville, serial_shops, nicolae_shop_waterfront
D:5:      layout_rooms, general_overflow_altar

Skill      XL: |  1  2  3  4  5  6  7 |
---------------+----------------------+-----
Fighting       | 4 5 6 |  6.2
Shields        | 4 5 6 |  6.2
Axes           | 3 4 5 |  5.6
Armour         | 4 5 6 |  6.2

Action                   |  1- 3 |  4- 6 |  7- 9 || total
-------------------------+-------+-------+-------++-------
Melee: War axe           |    76 |   136 |    27 ||   239
       Headbutt          |    12 |    16 |     8 ||    36
  Use: Scroll            |     4 |       |       ||     4
       Potion            |       |       |     1 ||     1
Armor: Scale mail        |    30 |    78 |    10 ||   118
       Chain mail        |       |       |     2 ||     2
Dodge: Dodged            |    40 |    54 |    13 ||   107
Block: Buckler           |    18 |    39 |     6 ||    63
